 Dungeon Crawl Stone Soup version 0.28.0 (webtiles) character file.

Game seed: 7245096484174723067

316 bande the Covered (level 6, 0/38 HPs)
             Began as a Gargoyle Fighter on Feb 6, 2022.
             Slain by Crazy Yiuf (11 damage)
             ... while paralysed by Crazy Yiuf
             ... on level 2 of the Dungeon.
             The game lasted 00:03:58 (2565 turns).

bande the Covered (Gargoyle Fighter)                Turns: 2565, Time: 00:03:59

Health: 0/38       AC: 11    Str: 19    XL:     6   Next: 44%
Magic:  6/6        EV:  2    Int:  9    God:
Gold:   41         SH:  0    Dex: 11    Spells: 5/5 levels left

rFire   . . .      SeeInvis .   a - +0 war axe
rCold   . . .      Faith    .   c - +1 buckler
rNeg    + . .      Spirit   .   b - +0 scale mail
rPois   ∞          Reflect  .   (no helmet)
rElec   +          Harm     .   (no cloak)
rCorr   .          Rampage  .   (no gloves)
Will    .....                   (no boots)
Stlth   ..........              (no amulet)
HPRegen 0.12/turn               (no ring)
MPRegen 0.10/turn               (no ring)

@: paralysed
A: sickness immunity, AC +4, negative energy resistance 1, electricity
resistance, torment resistance 1, petrification resistance, hooves 1, subdued
magic 1
a: no special abilities


You were on level 2 of the Dungeon.
You visited 1 branch of the dungeon, and saw 2 of its levels.

You collected 41 gold pieces.

Inventory:

Hand Weapons
 a - a +0 war axe (weapon)
Missiles
 j - 3 boomerangs of dispersal (quivered)
Armour
 b - a +0 scale mail (worn)
 c - a +1 buckler (worn)
Wands
 g - a wand of iceblast (7)
Scrolls
 d - a scroll of fear {unknown}
Potions
 e - a potion of flight {unknown}
 k - a potion of lignification {unknown}


   Skills:
 + Level 4.2 Fighting
 + Level 3.8 Axes
 + Level 4.4 Armour
 + Level 4.4 Shields
 * Level 1.6 Evocations


You had 5 spell levels left.
You didn't know any spells.
Your spell library was empty.

Dungeon Overview and Level Annotations

Branches:
Dungeon (2/15)

Altars:

Annotations:
D:2 Crazy Yiuf


Innate Abilities, Weirdness & Mutations

You are immune to sickness and miasma.
Your stone body is resilient. (AC +4)
You are immune to poison.
You resist negative energy. (rN+)
You are resistant to electric shocks. (rElec)
You are resistant to unholy torment.
You are immune to petrification.
You have large cloven feet.
Your spells are a little easier to cast, but a little less powerful.


Message History

No target in view!
No target in view!
No target in view!
No target in view!
Found 15 sling bullets.
You see here 15 sling bullets.
e - a fizzy pink potion
There is a stone staircase leading down here.
There is a stone staircase leading down here.
Found a mace.
Found a mace.
No target in view!
Found a mace.
You see here a +0 mace.
Found seven maces.
Found a runed translucent door.
You see here a +0 mace.
Found a mace.
Crazy Yiuf shouts!
You see here a +0 mace.
You see here a +0 mace.
Found two maces and a runed mace.
You see here a +0 mace.
Could not explore, unopened runed door.
You open the door. You closely miss Crazy Yiuf.
Crazy Yiuf completely misses you.
Crazy Yiuf hits you with a +3 quarterstaff of chaos!
Crazy Yiuf freezes you.
You closely miss Crazy Yiuf. Your kick misses Crazy Yiuf.
Crazy Yiuf laughs, "Adder sallow green!"
Crazy Yiuf hits you with a +3 quarterstaff of chaos.
Crazy Yiuf burns you.
You hit Crazy Yiuf but do no damage. You kick Crazy Yiuf.
Crazy Yiuf is moderately wounded.
Crazy Yiuf grits, "Ten sing-song down!"
Crazy Yiuf barely misses you.
Crazy Yiuf hits you with a +3 quarterstaff of chaos!
* * * LOW HITPOINT WARNING * * *
You suddenly lose the ability to move!
Crazy Yiuf hits you with a +3 quarterstaff of chaos!
You die...

# #.#
#.#
##..##
# #.#
#.#
#....#
# #.#
###
♣....♣
# #.#
♣)..♣♣
# #.#
♣♣)♣♣
####.#
♣)♣♣
.....#
♣♣)♣
######
♣)♣♣ #
######
♣♣@♣ #
#....#
#g# #
#.####
))) #
#.#
#)))#
# #.#
#).)#
#.#
#####
#.#
#.#
#.#


You could see Crazy Yiuf.

Vanquished Creatures
  Sigmund (D:2)
  Natasha (thrice) (D:2)
  3 adders (D:2)
  A worm (D:2)
  4 dart slugs
  7 ball pythons
  4 endoplasms
  8 goblins
  5 hobgoblins
  2 jackals (D:1)
  3 quokkas
  3 bats
  2 frilled lizards
  3 kobolds
  4 rats
53 creatures vanquished.

Notes
Turn   | Place    | Note
-------+----------+-------------------------------------------
     0 | D:1      | bande the Gargoyle Fighter began the quest for the Orb.
     0 | D:1      | Reached XP level 1. HP: 14/14 MP: 1/1
    69 | D:1      | Reached XP level 2. HP: 18/19 MP: 2/2
   191 | D:1      | Found a faded altar of an unknown god.
   517 | D:1      | Gained mutation: Your spells are a little easier to cast,
                  | but a little less powerful. [potion of mutation]
   517 | D:1      | Gained mutation: You have large cloven feet. [potion of
                  | mutation]
   539 | D:1      | Reached XP level 3. HP: 22/23 MP: 3/3
  1419 | D:2      | Reached XP level 4. HP: 20/29 MP: 4/4
  1784 | D:2      | Noticed Natasha
  1791 | D:2      | Killed Natasha
  1893 | D:2      | Noticed Natasha
  1898 | D:2      | Killed Natasha
  1899 | D:2      | Reached XP level 5. HP: 28/33 MP: 5/5
  1948 | D:2      | Noticed Natasha
  1954 | D:2      | Killed Natasha
  1955 | D:2      | Reached skill level 1 in Evocations
  1970 | D:2      | Noticed Sigmund
  1978 | D:2      | Killed Sigmund
  1979 | D:2      | Reached XP level 6. HP: 8/38 MP: 6/6
  2557 | D:2      | Found a runed translucent door.
  2558 | D:2      | Noticed Crazy Yiuf
  2564 | D:2      | Paralysed by Crazy Yiuf for 2 turns
  2565 | D:2      | Slain by Crazy Yiuf

Illustrated notes

Levels and vault maps discovered:
D:1:      sevenhm_arrival_forest_fort_large_4, layout_basic,
          basic_ecumenical_altar
D:2:      layout_loops_ring, uniq_natasha, uniq_sigmund, uniq_crazy_yiuf_cottage

Skill      XL: |  1  2  3  4  5 |
---------------+----------------+-----
Axes           | 2 3 |  3.8
Shields        | 4 |  4.4
Armour         | 4 |  4.4
Evocations     | 1 |  1.6
Fighting       | 4 |  4.2

Action                   |  1- 3 |  4- 6 || total
-------------------------+-------+-------++-------
Melee: War axe           |    95 |    57 ||   152
       Kick              |     8 |    18 ||    26
  Use: Scroll            |     2 |     3 ||     5
       Potion            |     1 |     1 ||     2
Armor: Scale mail        |    53 |    26 ||    79
Dodge: Dodged            |    41 |    22 ||    63
Block: Buckler           |    31 |    13 ||    44
